 Dungeon Crawl Stone Soup version 0.23-a0-554-gd3cbc84 (webtiles) character file.

35 TheGoonsmith the Skirmisher (level 3, 0/33 HPs)
             Began as a Hill Orc Fighter on Dec 10, 2018.
             Succumbed to an adder's poison
             ... on level 2 of the Dungeon.
             The game lasted 00:01:24 (848 turns).

TheGoonsmith the Skirmisher (Hill Orc Fighter)       Turns: 848, Time: 00:01:24

Health: 0/33       AC:  9    Str: 24    XL:     3   Next: 33%
Magic:  3/3        EV:  5    Int:  8    God:
Gold:   23         SH:  9    Dex: 10    Spells: 2/2 levels left

rFire    . . .     SeeInvis .   a - +0 war axe
rCold    . . .     Gourm    .   c - +0 shield
rNeg     . . .     Faith    .   e - +0 chain mail
rPois    .         Spirit   .   (no helmet)
rElec    .         Reflect  .   (no cloak)
rCorr    .         Harm     .   (no gloves)
MR       .....                  (no boots)
Stlth    ..........             (no amulet)
HPRegen  0.11/turn              (no ring)
MPRegen  0.08/turn              (no ring)

@: mighty, lethally poisoned (0 -> -1)
A: no striking features
a: no special abilities


You were on level 2 of the Dungeon.
You were not hungry.

You visited 1 branch of the dungeon, and saw 2 of its levels.

You collected 23 gold pieces.

Inventory:

Hand Weapons
 a - a +0 war axe (weapon)
Armour
 b - a +0 scale mail
 c - a +0 shield (worn)
 e - a +0 chain mail (worn)
Jewellery
 j - an uncursed ring of magical power {unknown}
Scrolls
 g - 2 scrolls of teleportation {unknown}
 h - 3 scrolls of amnesia {unknown}
 i - 7 scrolls of identify {unknown}
 k - a scroll of fear {unknown}
Comestibles
 f - 2 rations


   Skills:
 + Level 4.0 Fighting
 * Level 4.0 Axes
 + Level 3.6 Armour
 - Level 3.2 Shields


You had 2 spell levels left.
You didn't know any spells.
Your spell library was empty.

Dungeon Overview and Level Annotations

Branches:
Dungeon (2/15)

Altars:


Message History

Your Axes skill increases to level 4!
* * * LOW HITPOINT WARNING * * *
You feel sick.
* * * LOW HITPOINT WARNING * * *
You feel sick.
There is a stone staircase leading down here.
* * * LOW HITPOINT WARNING * * *
You feel sick.
You climb downwards.
You block the kobold's attack. The kobold hits you but does no damage.
There is a stone staircase leading up here.
You see here a stone.
You barely miss the kobold. The kobold hits you but does no damage.
You closely miss the kobold.
* * * LOW HITPOINT WARNING * * *
You feel sick. You block the kobold's attack. x2
You closely miss the kobold. You block the kobold's attack.
You slash the kobold!
You kill the kobold!
You die...

#....# #....#
#....# #
#....##
..##.....##
..........####
#..#.........#
#...%..@.....#
#.####.#<....#
#.###.### #. #
.. .. ... ###


There were no monsters in sight!

Vanquished Creatures
  An adder (D:1)
  An ooze (D:1)
  A worm (D:1)
  A dart slug (D:1)
  A leopard gecko (D:1)
  A giant cockroach (D:1)
  A goblin (D:1)
  3 kobolds
  2 bats (D:1)
  3 frilled lizards (D:1)
  2 rats (D:1)
17 creatures vanquished.

Notes
Turn   | Place    | Note
-------+----------+-------------------------------------------
     0 | D:1      | TheGoonsmith the Hill Orc Fighter began the quest for the
                  | Orb.
     0 | D:1      | Reached XP level 1. HP: 19/19 MP: 1/1
   196 | D:1      | Reached XP level 2. HP: 27/27 MP: 2/2
   834 | D:1      | Reached XP level 3. HP: 4/33 MP: 3/3
   845 | D:2      | HP: 1/33 [poisoned by an adder]
   848 | D:2      | Succumbed to an adder's poison

Vault maps used:
D:1:      shiori_shiawase, chequers_serial_rivers_room_a, minmay_door_square,
          minmay_tetromino_o4
D:2:      yredelemnul_altar_generic, serial_aquarium, aquarium_bridge_straight,
          aquarium_bridge_square, aquarium_window_fake, aquarium_window_fake,
          aquarium_view_2c, aquarium_view_2a, aquarium_balcony_5b, uniq_natasha

Skill      XL: |  1  2  3 |
---------------+----------+-----
Axes           | 3 4 |  4.0
Fighting       | 4 |  4.0
Armour         | |  3.6
Shields        | |  3.2

Action                   || total
-------------------------++-------
Melee: War axe           ||   112
  Use: Potion            ||     1
Armor: Scale mail        ||     9
       Chain mail        ||    56
Dodge: Dodged            ||    26
Block: Shield            ||    63

Table legend:
 A = Non-vault XP
 B = Vault XP
 C = Vault XP percentage of total XP
 D = Non-vault monster count
 E = Vault monster count
 F = Vault count percentage of total count
                 A         B        C        D         E       F
            +---------+---------+-------+---------+---------+-------
      Total |      46 |       4 |   8.0 |      14 |       3 |  17.6
            +---------+---------+-------+---------+---------+-------
        D:1 |      44 |       4 |   8.3 |      13 |       3 |  18.8
        D:2 |       2 |       0 |   0.0 |       1 |       0 |   0.0
            +---------+---------+-------+---------+---------+-------
